 Dungeon Sprint DCSS version 0.30-a0-1094-g860fb061e7 (webtiles) character file.

Game seed: 10492889327268549501

186409 123456 the Conqueror (level 15, -10/156 HPs)
             Began as a Minotaur Fighter on Apr 17, 2023.
             Was an Initiate of Gozag.
             Killed from afar by an orb of fire (48 damage)
             ... with a bolt of fire
             ... in the Dungeon (Sprint IX: "|||||||||||||||||||||||||||||").
             The game lasted 00:34:57 (8290 turns).

123456 the Conqueror (Minotaur Fighter)             Turns: 8290, Time: 00:34:58

Health: -10/156    AC: 48    Str: 40    XL:     15   Next: 83%
Magic:  0/14       EV: 23    Int:  2    God:    Gozag
Gold:   7962       SH:  0    Dex: 20    Spells: 14/14 levels left

rFire   . . .      SeeInvis .    M - +9 great mace (heavy)
rCold   + . .      Faith    .    (shield currently unavailable)
rNeg    + + .      Spirit   +    P - +8 crystal plate armour
rPois   .          Reflect  .    u - +1 hat
rElec   .          Rampage  .    U - +0 cloak of Trumpets {Str+2}
rCorr   .          NoTele   +    J - +1 pair of gloves {infuse}
Will    +....                    a - +1 pair of boots Stlth
                                 t - amulet of Ottyicobb {Spirit *Slow rN++ Str+6}
HPRegen 0.46/turn                T - ring of Caotz {EV+3 Str+8 Int-3}
MPRegen 0.14/turn                q - +6 ring of dexterity

@: studying Ranged Weapons
A: horns 2, retaliatory headbutt, hooves 1, cold resistance 1, frail 1
}: 5/17 runes: decaying, serpentine, barnacled, silver, gossamer
a: Renounce Religion, Potion Petition, Call Merchant, Bribe Branch


You were in the Dungeon.
You worshipped Gozag.
Gozag was greatly pleased with you.
You visited 1 branch You collected 32951 gold pieces.
You spent 2739 gold pieces at shops.
You paid 22250 gold pieces to Gozag.

Inventory:

Hand Weapons
 n - a +9 dire flail of protection
 M - a +9 heavy great mace (weapon)
Armour
 a - a +1 pair of boots (worn)
 r - a +10 plate armour of fire resistance
 u - a +1 hat (worn)
 D - the +7 plate armour of Light {Dex+5}
   (You bought it in a shop in the Dungeon)

   Dex:       It affects your dexterity (+5).
 E - a +1 cloak of stealth
 J - a +1 pair of gloves of infusion (worn)
 P - a +8 crystal plate armour (worn)
 U - the +0 cloak of Trumpets (worn) {Str+2}
   (You found it in the Dungeon)

   Str:       It affects your strength (+2).
Jewellery
 c - a +6 ring of dexterity
 o - a +6 ring of strength
 q - a +6 ring of dexterity (right hand)
 t - the amulet of Ottyicobb (around neck) {Spirit *Slow rN++ Str+6}
   (You found it in the Dungeon)

   [amulet of guardian spirit]

   It causes incoming damage to be divided between your reserves of health and
   magic.
   Str:       It affects your strength (+6).
   rN:        It greatly protects you from negative energy.
   *Slow:     It may slow you when you take damage.
 v - an amulet of reflection
 w - a ring of protection from fire
 x - a ring of protection from fire
 y - a +4 ring of slaying
 z - a ring of ice
 F - a +6 ring of intelligence
 G - a +6 ring of intelligence
 H - a ring of wizardry
 I - a +4 ring of evasion
 N - an amulet of magic regeneration
 O - the ring "Qesyiw" {Will+ Str+3 SInv Stlth+}
   (You found it in the Dungeon)

   [ring of willpower]

   Str:       It affects your strength (+3).
   SInv:      It lets you see invisible.
   Will:      It increases your willpower.
   Stlth:     It makes you more stealthy.
 Q - the ring "Gosucric" {rPois rF++ rCorr Int-5 Dex+3}
   (You found it in the Dungeon)

   [ring of dexterity]

   Int:       It affects your intelligence (-5).
   Dex:       It affects your dexterity (+3).
   rF:        It greatly protects you from fire.
   rPois:     It protects you from poison.
   rCorr:     It protects you from acid and corrosion.
 R - the ring of Jikyocza {Will- rCorr MP-9 Str+3 Int+7}
   (You found it in the Dungeon)

   [ring of resist corrosion]

   Str:       It affects your strength (+3).
   Int:       It affects your intelligence (+7).
   MP:        It affects your magic capacity (-9).
   rCorr:     It protects you from acid and corrosion.
   Will:      It decreases your willpower.
 S - the ring of the Sixty-Six Spines {rC- rN+ AC+3 Str+2}
   (You found it in the Dungeon)

   [ring of protection]

   AC:        It affects your AC (+3).
   Str:       It affects your strength (+2).
   rC:        It makes you vulnerable to cold.
   rN:        It protects you from negative energy.
 T - the ring of Caotz (left hand) {EV+3 Str+8 Int-3}
   (You found it in the Dungeon)

   [ring of evasion]

   EV:        It affects your evasion (+3).
   Str:       It affects your strength (+8).
   Int:       It affects your intelligence (-3).
Wands
 m - a wand of quicksilver (8)
 p - a wand of roots (3)
Scrolls
 j - 4 scrolls of blinking
 l - 3 scrolls of amnesia
 s - 8 scrolls of identify
 K - 2 scrolls of fog
 L - a scroll of immolation {unknown}
 V - 4 scrolls of enchant weapon
Potions
 b - a potion of ambrosia
 d - 4 potions of might
 e - 12 potions of curing
 f - a potion of resistance
 g - 6 potions of haste
 h - 9 potions of magic
 i - 2 potions of berserk rage
 k - a potion of invisibility
 A - 2 potions of lignification {unknown}
 B - 4 potions of heal wounds
 C - 3 potions of brilliance
 W - a potion of cancellation {unknown}


   Skills:
 O Level 27 Fighting
 O Level 27 Maces & Flails
 O Level 27 Armour
 + Level 18.2 Dodging
 + Level 13.8 Stealth
 + Level 20.6 Shields


You had 14 spell levels left.
You didn't know any spells.
Your spell library was empty.

Dungeon Overview and Level Annotations

Branches:
Dungeon (1/1)

Altars:
Cheibriados
Dithmenos
Elyvilon
Fedhas
Gozag
Hepliaklqana
Kikubaaqudgha
Makhleb
Nemelex Xobeh
Okawaru
Qazlal
Ru
Sif Muna
Trog
Uskayaw
Vehumet
Wu Jian
Xom
Yredelemnul
Zin
The Shining One
Jiyva
Lugonu

Shops:
D [=[:*[((

Annotations:
D Frances, Louise, Mara


Innate Abilities, Weirdness & Mutations

You have a pair of horns on your head.
You reflexively headbutt those who attack you in melee.
You have large cloven feet.
Your flesh is cold resistant. (rC+)
You are frail. (-10% HP)


Message History

You see here 153 gold pieces.
What are your orders? t - Shout!
Orders for allies: a - Attack new target. r - Retreat! s - Stop attacking. g - Guard the area. f - Follow me.
Anything else - Cancel.
Gang up on whom?
Press: ? - help, Dir - move target, f - orb of fire
Aim: an orb of fire (not watching you, ally target, indifferent) Attack!
The orb of fire glows bright magenta.
The bolt of fire hits your orb of fire.
Your orb of fire completely resists.
The bolt of fire hits you!!
* * * LOW HITPOINT WARNING * * *
You feel much better.
You feel much better.
The orb of fire emits a lurid red light.
The bolt of fire hits your orb of fire.
Your orb of fire completely resists.
The bolt of fire misses you.
You feel much better.
You swap places.
Found 36 gold pieces.
The orb of fire emits a lurid red light.
The bolt of fire hits you!!!
* * * LOW HITPOINT WARNING * * *
The bolt of fire hits your orb of fire.
Your orb of fire completely resists.
Unknown command.
You swap places.
There is an open door here.
You see here 153 gold pieces.
You feel much better.
The orb of fire glows red.
The bolt of fire hits your orb of fire.
Your orb of fire completely resists.
The bolt of fire hits you!!!
You die...
Your body crumbles into a pile of gold.

)▓.▓$▓.▓.▓.▓d▓.▓.▓
.▓.▓.▓.▓.▓.▓d▓.▓.▓
.▓.▓[▓)▓.▓.▓.▓.▓'▓
.▓.▓)▓.▓[▓.▓.▓.▓.▓
)▓.▓[▓.▓[▓.▓d▓.▓$▓
)▓.▓.▓.▓.▓.▓.▓.▓.▓
)▓.▓.▓.▓[▓.▓.▓.▓'▓
)▓.▓.▓.▓[▓.▓'▓.▓$▓
'▓.▓[▓.▓[▓.▓.▓.▓@▓
)▓.▓'▓.▓[▓.▓.▓.▓*▓
.▓.▓)▓.▓.▓.▓.▓.▓*▓
)▓.▓.▓.▓.▓.▓)▓.▓*▓
.▓.▓[▓.▓.▓.▓.▓.▓$▓
)▓.▓$▓.▓.▓.▓)▓.▓$▓
)▓.▓$▓.▓.▓.▓)▓.▓$▓
.▓.▓[▓.▓.▓.▓.▓.▓.▓
.▓.▓[▓.▓.▓.▓d▓.▓$▓


You could see 2 neutral orbs of fire and a friendly orb of fire.

Vanquished Creatures
  An ancient lich (D)
  Mennas (D)
  Boris (D)
  Jory (D)
  A tentacled monstrosity (D)
  A quicksilver dragon (D)
  Donald (D)
  Gastronok (D)
  4 shadow dragons (D)
  A nagaraja (D)
  A fire giant (D)
  7 emperor scorpions (D)
  3 ghost moths (D)
  A vault warden (D)
  An ironbound preserver (D)
  A stone giant (D)
  A deep elf demonologist (D)
  Azrael (D)
  A dire elephant (D)
  An ettin (D)
  A merfolk impaler (D)
  3 entropy weavers (D)
  Erolcha (D)
  A fire dragon (D)
  A deep elf high priest (D)
  2 vault guards (D)
  6 ice dragons (D)
  2 merfolk avatars (D)
  9 hydras (D)
  A ghost crab (D)
  2 ogre magi (D)
  A deep troll shaman (D)
  2 boulder beetles (D)
  An alligator (D)
  A merfolk aquamancer (D)
  A deep troll earth mage (D)
  A spriggan berserker (D)
  A skyshark (shapeshifter) (D)
  A deep troll (D)
  6 swamp dragons (D)
  A steelbarb worm (D)
  An ugly thing (D)
  5 moths of wrath (D)
  2 vault sentinels (D)
  A merfolk siren (D)
  Joseph (D)
  A demonic crawler (D)
  A gargoyle (D)
  2 komodo dragons (D)
  A cane toad (D)
  A polar bear (D)
  A meliai (D)
  A troll (D)
  A hornet (shapeshifter) (D)
  A tarantella (D)
  A wind drake (D)
  2 blink frogs (D)
  A jumping spider (D)
  2 shadows (D)
  A water elemental (D)
  A wyvern (D)
  A yak (D)
  A vampire (D)
  5 fire elementals (D)
  Grum (D)
  2 wargs (D)
  A vampire mosquito (D)
  7 water moccasins (D)
  3 hell hounds (D)
  A swamp drake (D)
  4 orc warriors (D)
  A black bear (D)
  4 wolves (D)
  A phantom (D)
  A centaur (D)
  A bullfrog (D)
  A scorpion (D)
  A howler monkey (D)
  A hound (D)
  An orc priest (D)
  An iguana (D)
  An orc wizard (D)
  An ufetubus (D)
  9 orcs (D)
  A ball python (D)
  An endoplasm (D)
  A kobold (D)
  A frilled lizard (D)
  A rat (D)
159 creatures vanquished.

Vanquished Creatures (collateral kills)
  An ancient lich (D)
  A bone dragon (D)
  A golden dragon (D)
  An electric golem (D)
  A tentacled monstrosity (D)
  8 Orb Guardians (D)
  2 death cobs (D)
  3 shadow dragons (D)
  2 storm dragons (D)
  2 nagarajas (D)
  3 draconian scorchers (D)
  A draconian shifter (D)
  An ironbound preserver (D)
  A very ugly thing (D)
  A black draconian (D)
  A deep elf demonologist (D)
  A red draconian (D)
  A yellow draconian (D)
  2 ettins (D)
  A fire dragon (D)
  A merfolk javelineer (D)
  13 vault guards (D)
  A yaktaur captain (D)
  A salamander tyrant (D)
  2 ogre magi (D)
  An anaconda (D)
  A dancing weapon (D)
  An alligator (D)
  A pharaoh ant (D)
  A spriggan druid (D)
  2 ironbound convokers (D)
  A wolf spider (D)
  4 moths of wrath (D)
  A naga mage (D)
  2 black mambas (D)
  A demonic crawler (D)
  2 guardian serpents (D)
  A meliai (D)
  A snapping turtle (D)
  A tarantella (D)
  A jumping spider (D)
  Eustachio (D)
  A redback (D)
  2 nagas (D)
  An orc warrior (D)
  An orc priest (D)
81 creatures vanquished.

Vanquished Creatures (others)
  An ancient lich (D)
  3 golden dragons (D)
  Nikola (D)
  3 tentacled monstrosities (D)
  7 Orb Guardians (D)
  A lich (D)
  A death cob (D)
  A sphinx (D)
  Agnes (D)
  A shadow dragon (D)
  Ilsuiw (D)
  A storm dragon (D)
  A fire giant (D)
  3 nagarajas (D)
  A draconian knight (D)
  A draconian scorcher (D)
  3 vault wardens (D)
  3 draconian annihilators (D)
  An ironbound preserver (D)
  A war gargoyle (D)
  4 stone giants (D)
  A green draconian (D)
  Nessos (D)
  An eleionoma (D)
  3 purple draconians (D)
  A vampire knight (D)
  2 black draconians (D)
  A deep elf annihilator (D)
  A yellow draconian (D)
  2 white draconians (D)
  2 red draconians (D)
  A deep elf death mage (D)
  A merfolk impaler (D)
  4 ettins (D)
  5 merfolk javelineers (D)
  2 fire dragons (D)
  2 rakshasas (D)
  An ogre mage (D)
  A spriggan air mage (D)
  2 ice dragons (D)
  An alligator (D)
  A merfolk aquamancer (D)
  10 vault guards (D)
  2 naga warriors (D)
  A deep troll shaman (D)
  A naga sharpshooter (D)
  2 spriggan berserkers (D)
  A deep troll earth mage (D)
  A deep troll (D)
  4 ironbound convokers (D)
  2 phantasmal warriors (D)
  A necromancer (D)
  2 wizards (D)
  A harpy (D)
  An orc sorcerer (D)
  A cyclops (D)
  A moth of wrath (D)
  A merfolk siren (D)
  A black mamba (D)
  2 naga magi (D)
  A water nymph (D)
  Psyche (D)
  A yaktaur (D)
  2 merfolk (D)
  A hornet (D)
  2 spriggans (D)
  A wyvern (shapeshifter) (D)
  A naga (D)
  4 orc warriors (D)
  2 wolves (D)
127 creatures vanquished.

Grand Total: 367 creatures vanquished

Notes
Turn   | Place    | Note
-------+----------+-------------------------------------------
     0 | D        | 123456 the Minotaur Fighter began the quest for the Orb.
     0 | D        | Reached XP level 1. HP: 19/19 MP: 0/0
    10 | D        | Reached skill level 1 in Dodging
    21 | D        | Noticed a scorpion
    21 | D        | Noticed a phantom
    21 | D        | Noticed an iguana
    21 | D        | Noticed a hound
    27 | D        | Killed a scorpion
    28 | D        | Reached skill level 5 in Maces & Flails
    28 | D        | Reached skill level 5 in Armour
    28 | D        | Reached XP level 2. HP: 28/31 MP: 1/1
    28 | D        | Reached XP level 3. HP: 35/38 MP: 2/2
    44 | D        | Killed a phantom
    45 | D        | Reached XP level 4. HP: 39/48 MP: 3/3
    45 | D        | Reached XP level 5. HP: 43/53 MP: 4/4
   208 | D        | Found a snail-covered altar of Cheibriados.
   208 | D        | Found a shadowy altar of Dithmenos.
   208 | D        | Found a white marble altar of Elyvilon.
   208 | D        | Found a blossoming altar of Fedhas.
   208 | D        | Found an opulent altar of Gozag.
   209 | D        | Found a hazy altar of Hepliaklqana.
   210 | D        | Found a viscous altar of Jiyva.
   211 | D        | Found an ancient bone altar of Kikubaaqudgha.
   212 | D        | Found a corrupted altar of Lugonu.
   213 | D        | Found a burning altar of Makhleb.
   214 | D        | Found a sparkling altar of Nemelex Xobeh.
   215 | D        | Found an iron altar of Okawaru.
   216 | D        | Became a worshipper of Gozag Ym Sagoz the Greedy
   217 | D        | Found a stormy altar of Qazlal.
   218 | D        | Found a sacrificial altar of Ru.
   219 | D        | Found a shimmering blue altar of Sif Muna.
   220 | D        | Found a bloodstained altar of Trog.
   221 | D        | Found a hide-covered altar of Uskayaw.
   222 | D        | Found a radiant altar of Vehumet.
   223 | D        | Found an ornate altar of the Wu Jian Council.
   224 | D        | Found a shimmering altar of Xom.
   225 | D        | Found a basalt altar of Yredelemnul.
   226 | D        | Found a glowing silver altar of Zin.
   227 | D        | Found a glowing golden altar of the Shining One.
   292 | D        | Noticed a shadow
   292 | D        | Noticed a wyvern
   292 | D        | Noticed a centaur
   292 | D        | Noticed an orc warrior
   292 | D        | Noticed a vampire
   297 | D        | Reached skill level 5 in Dodging
   300 | D        | Killed a shadow
   301 | D        | Reached skill level 10 in Fighting
   301 | D        | Reached skill level 10 in Maces & Flails
   301 | D        | Reached XP level 6. HP: 60/67 MP: 5/5
   302 | D        | Killed a wyvern
   303 | D        | Reached XP level 7. HP: 67/74 MP: 6/6
   310 | D        | Killed a vampire
   336 | D        | Noticed a boulder beetle
   336 | D        | Noticed a meliai
   336 | D        | Noticed a shadow
   336 | D        | Noticed a boulder beetle
   336 | D        | Noticed a salamander
   336 | D        | Noticed a gargoyle
   336 | D        | a salamander changed into a moth of wrath
   336 | D        | Noticed a moth of wrath (shapeshifter)
   341 | D        | a moth of wrath changed into a skyshark
   341 | D        | Noticed a skyshark (shapeshifter)
   343 | D        | Killed a boulder beetle
   344 | D        | Reached XP level 8. HP: 57/86 MP: 7/7
   349 | D        | Killed a meliai
   350 | D        | Reached skill level 10 in Armour
   374 | D        | Killed a boulder beetle
   375 | D        | Reached XP level 9. HP: 37/96 MP: 8/8
   377 | D        | HP: 3/96 [skyshark (shapeshifter) (6)]
   385 | D        | Killed a skyshark
   386 | D        | Reached skill level 15 in Fighting
   386 | D        | Reached skill level 15 in Maces & Flails
   388 | D        | Killed a gargoyle
   389 | D        | Reached skill level 10 in Dodging
   818 | D        | Bought a runed plate armour for 546 gold pieces
   922 | D        | Noticed a komodo dragon
   923 | D        | Noticed an eight-headed hydra
   927 | D        | Killed a komodo dragon
   934 | D        | Noticed a cane toad
   942 | D        | Killed an eight-headed hydra
   943 | D        | Reached XP level 10. HP: 105/108 MP: 9/9
   955 | D        | Killed a cane toad
   977 | D        | Noticed a six-headed hydra
   984 | D        | Killed a six-headed hydra
  1205 | D        | Noticed Gastronok
  1253 | D        | Killed Gastronok
  1254 | D        | Reached XP level 11. HP: 104/121 MP: 10/10
  1312 | D        | Noticed Joseph
  1324 | D        | Killed Joseph
  1362 | D        | Noticed Erolcha
  1371 | D        | Killed Erolcha
  1483 | D        | Noticed an orc knight
  1486 | D        | Noticed an orc knight
  1489 | D        | Noticed an orc sorcerer
  1630 | D        | Found Vitoucut's Jewellery Emporium.
  1630 | D        | Noticed an ogre mage
  1630 | D        | Noticed an ettin
  1630 | D        | Noticed a deep troll
  1630 | D        | Noticed an ogre mage
  1630 | D        | Noticed a stone giant
  1631 | D        | Noticed a deep troll
  1632 | D        | Found Ysosast's Armour Shoppe.
  1632 | D        | Killed an ettin
  1633 | D        | Noticed an ogre mage
  1634 | D        | Found Vucwiupi's Book Emporium.
  1634 | D        | Killed a stone giant
  1636 | D        | Found Biumaevo's Assorted Antiques.
  1637 | D        | Noticed an ogre mage
  1639 | D        | Killed a deep troll
  1640 | D        | Noticed an ogre mage
  1641 | D        | Noticed a stone giant
  1642 | D        | Noticed an ogre mage
  1643 | D        | Noticed a deep troll
  1644 | D        | Killed an ogre mage
  1647 | D        | Killed an ogre mage
  1650 | D        | Killed an ogre mage
  1726 | D        | Bought a lumpy blue amulet for 135 gold pieces
  1726 | D        | Bought a scroll of enchant armour for 202 gold pieces
  1745 | D        | Bought a +6 ring of strength for 468 gold pieces
  1745 | D        | Bought a +6 ring of dexterity for 468 gold pieces
  1775 | D        | Noticed Grum
  1782 | D        | Killed Grum
  1887 | D        | Noticed Eustachio
  1891 | D        | Killed Eustachio
  1977 | D        | Noticed an ogre mage
  1977 | D        | Noticed a purple ugly thing
  1977 | D        | Noticed a centaur warrior
  1977 | D        | Noticed an ogre mage
  1979 | D        | Killed an ogre mage
  1980 | D        | Reached skill level 15 in Armour
  1982 | D        | Noticed a stone giant
  1983 | D        | Noticed a wizard
  1984 | D        | Noticed an ettin
  1985 | D        | Killed a wizard
  1988 | D        | Killed a purple ugly thing
  1988 | D        | Killed an ogre mage
  1989 | D        | Noticed an ettin
  1990 | D        | Noticed an ettin
  1990 | D        | Killed an ettin
  1991 | D        | Noticed an ettin
  1992 | D        | Noticed a spriggan berserker
  1992 | D        | Killed an ettin
  1993 | D        | Noticed an ice dragon
  1997 | D        | Killed an ice dragon
  2035 | D        | Gained mutation: You have large cloven feet. [potion of
                  | mutation]
  2035 | D        | Gained mutation: You have hoof-like feet. [potion of
                  | mutation]
  2035 | D        | Gained mutation: Your system is resistant to poisons.
                  | (rPois) [potion of mutation]
  2035 | D        | Gained mutation: You have hidden genetic potential. [potion
                  | of mutation]
  2036 | D        | Lost mutation: You have hoof-like feet. [potion of
                  | mutation]
  2036 | D        | Lost mutation: You have large cloven feet. [potion of
                  | mutation]
  2036 | D        | Lost mutation: You have hidden genetic potential. [potion
                  | of mutation]
  2036 | D        | Gained mutation: You have large cloven feet. [potion of
                  | mutation]
  2036 | D        | Gained mutation: You have an increased reservoir of magic.
                  | (+10% MP) [potion of mutation]
  2037 | D        | Lost mutation: Your system is resistant to poisons. (rPois)
                  | [potion of mutation]
  2037 | D        | Lost mutation: You have an increased reservoir of magic.
                  | (+10% MP) [potion of mutation]
  2037 | D        | Gained mutation: You are frail. (-10% HP) [potion of
                  | mutation]
  2037 | D        | Gained mutation: Your flesh is cold resistant. (rC+)
                  | [potion of mutation]
  2082 | D        | Noticed Azrael
  2095 | D        | Killed Azrael
  2096 | D        | Reached XP level 12. HP: 50/122 MP: 11/11
  2134 | D        | Killed Psyche
  2284 | D        | Noticed Frances
  2290 | D        | Bought the +7 plate armour of Light {Dex+5} for 755 gold
                  | pieces
  2290 | D        | Bought a +1 cloak of stealth for 165 gold pieces
  2369 | D        | Noticed a ghost crab
  2369 | D        | Noticed an alligator
  2369 | D        | Noticed an alligator
  2374 | D        | Killed an alligator
  2375 | D        | Noticed an alligator
  2379 | D        | Killed a ghost crab
  2379 | D        | Noticed an eleionoma
  2381 | D        | Killed an alligator
  2385 | D        | Killed an alligator
  2550 | D        | Noticed a salamander tyrant
  2550 | D        | Noticed an anaconda
  2558 | D        | Killed a salamander tyrant
  2574 | D        | Killed an anaconda
  2680 | D        | Reached skill level 15 in Dodging
  2680 | D        | Noticed a merfolk javelineer
  2835 | D        | Noticed a fire giant
  2835 | D        | Noticed an ice dragon
  2835 | D        | Noticed a rakshasa
  2835 | D        | Noticed a rakshasa
  2836 | D        | Noticed a fire giant
  2837 | D        | Noticed an ettin
  2840 | D        | Killed a fire giant
  2841 | D        | Killed an ice dragon
  2841 | D        | Killed a vampire knight
  2842 | D        | Noticed an ice dragon
  2843 | D        | Noticed a spriggan air mage
  2843 | D        | Killed an ettin
  2845 | D        | Noticed an ice dragon
  2845 | D        | Noticed an ice dragon
  2846 | D        | Killed a spriggan air mage
  2846 | D        | Noticed an ettin
  2847 | D        | Noticed a deep troll earth mage
  2850 | D        | Killed an ice dragon
  2851 | D        | Noticed a stone giant
  2852 | D        | Noticed a frost giant
  2854 | D        | Noticed a stone giant
  2857 | D        | Killed an ice dragon
  2858 | D        | Killed an ice dragon
  2911 | D        | Noticed a dire elephant
  2911 | D        | Noticed an ironbound thunderhulk
  2911 | D        | Noticed an entropy weaver
  2920 | D        | Killed a dire elephant
  2921 | D        | Noticed an ironbound preserver
  2922 | D        | Noticed an ironbound preserver
  2927 | D        | Noticed a yaktaur captain
  2931 | D        | Killed an entropy weaver
  2932 | D        | Noticed an ironbound preserver
  2934 | D        | Noticed a vault warden
  2936 | D        | Noticed an ironbound preserver
  2938 | D        | Noticed an entropy weaver
  2952 | D        | Killed an entropy weaver
  3149 | D        | Noticed Nessos
  3183 | D        | Noticed Louise
  3196 | D        | Noticed Mennas
  3684 | D        | Noticed Agnes
  3717 | D        | Noticed an emperor scorpion
  3717 | D        | Noticed an emperor scorpion
  3717 | D        | Noticed an emperor scorpion
  3728 | D        | Killed an emperor scorpion
  3729 | D        | Reached XP level 13. HP: 120/133 MP: 0/12
  3734 | D        | Noticed an emperor scorpion
  3736 | D        | Killed an emperor scorpion
  3742 | D        | Killed a ghost moth
  3750 | D        | Killed an emperor scorpion
  3758 | D        | Killed a ghost moth
  3772 | D        | Killed an emperor scorpion
  3779 | D        | Noticed an emperor scorpion
  3780 | D        | Noticed an emperor scorpion
  3781 | D        | Noticed an emperor scorpion
  3788 | D        | Killed an emperor scorpion
  3793 | D        | Killed an emperor scorpion
  3802 | D        | Killed an emperor scorpion
  3812 | D        | Got a gossamer rune of Zot
  4034 | D        | Noticed a nagaraja
  4034 | D        | Noticed a nagaraja
  4034 | D        | Noticed a nagaraja
  4035 | D        | Noticed a nagaraja
  4038 | D        | Noticed a nagaraja
  4040 | D        | Noticed a nagaraja
  4048 | D        | Got a serpentine rune of Zot
  4056 | D        | Noticed a merfolk javelineer
  4056 | D        | Noticed a merfolk javelineer
  4056 | D        | Noticed a merfolk javelineer
  4057 | D        | Noticed Ilsuiw
  4061 | D        | Noticed a merfolk javelineer
  4061 | D        | Killed a nagaraja
  4061 | D        | Killed a merfolk javelineer
  4062 | D        | Killed a merfolk javelineer
  4068 | D        | Your ally Agnes died
  4068 | D        | Killed a merfolk javelineer
  4069 | D        | Killed an ironbound preserver
  4072 | D        | Your ally Nessos died
  4074 | D        | Killed a merfolk javelineer
  4092 | D        | Killed a merfolk javelineer
  4101 | D        | Killed a merfolk impaler
  4108 | D        | Killed a nagaraja
  4108 | D        | Killed Ilsuiw
  4130 | D        | Killed a nagaraja
  4138 | D        | Noticed a merfolk impaler
  4145 | D        | Killed a merfolk impaler
  4178 | D        | Killed Mennas
  4373 | D        | Killed an ironbound preserver
  4491 | D        | Got a barnacled rune of Zot
  4568 | D        | Got a decaying rune of Zot
  4874 | D        | Noticed Mara
  4877 | D        | Noticed Nikola
  5092 | D        | Noticed a green very ugly thing
  5092 | D        | Noticed a deep elf demonologist
  5092 | D        | Noticed a war gargoyle
  5092 | D        | Noticed a vault warden
  5092 | D        | Noticed a lich
  5094 | D        | Noticed a Tzitzimitl
  5096 | D        | Killed a green very ugly thing
  5096 | D        | Killed a war gargoyle
  5097 | D        | Reached XP level 14. HP: 148/148 MP: 10/13
  5109 | D        | Noticed a shadow dragon
  5114 | D        | Noticed a shadow dragon
  5117 | D        | Noticed a vault warden
  5118 | D        | Killed a shadow dragon
  5121 | D        | Noticed a vault warden
  5126 | D        | Killed a shadow dragon
  5135 | D        | Killed a vault warden
  5339 | D        | Noticed a shadow dragon
  5339 | D        | Noticed a shadow dragon
  5339 | D        | Noticed a tentacled monstrosity
  5339 | D        | Noticed a quicksilver dragon
  5339 | D        | Noticed a shadow dragon
  5341 | D        | Reached skill level 27 in Fighting
  5341 | D        | Reached skill level 27 in Maces & Flails
  5341 | D        | Noticed a stone giant
  5344 | D        | Killed a shadow dragon
  5345 | D        | Reached skill level 1 in Stealth
  5345 | D        | Noticed a shadow dragon
  5353 | D        | Killed a tentacled monstrosity
  5354 | D        | Reached skill level 5 in Shields
  5355 | D        | Your ally Nikola died
  5359 | D        | Killed a shadow dragon
  5736 | D        | Killed a shadow dragon
  5743 | D        | Killed a quicksilver dragon
  5746 | D        | Killed a stone giant
  5762 | D        | Killed a shadow dragon
  5778 | D        | Identified the +7 dagger of Greatest Utility {freeze, Dex+6
                  | SInv}
  5781 | D        | Got a silver rune of Zot
  5785 | D        | Identified the ring "Qesyiw" {Will+ Str+3 SInv Stlth+}
  6370 | D        | Noticed Boris
  6379 | D        | Noticed Jory
  6392 | D        | Noticed Donald
  6409 | D        | Killed Donald
  6477 | D        | Got the amulet of Ottyicobb {Spirit *Slow rN++ Str+6}
  6479 | D        | Got the ring "Gosucric" {rPois rF++ rCorr Int-5 Dex+3}
  6481 | D        | Got the ring of Jikyocza {Will- rCorr MP-9 Str+3 Int+7}
  6483 | D        | Got the ring of the Sixty-Six Spines {rC- rN+ AC+3 Str+2}
  6485 | D        | Got the ring of Caotz {EV+3 Str+8 Int-3}
  6515 | D        | Got the +0 cloak of Trumpets {Str+2}
  6653 | D        | Noticed a fire giant
  6653 | D        | Noticed a sphinx
  6733 | D        | Killed a fire giant
  6735 | D        | Reached skill level 5 in Stealth
  6741 | D        | Killed Jory
  6743 | D        | Killed Boris
  6744 | D        | Reached skill level 10 in Shields
  6945 | D        | Noticed a bone dragon
  6950 | D        | Killed a bone dragon
  7004 | D        | Noticed a death cob
  7006 | D        | Reached XP level 15. HP: 156/156 MP: 12/14
  7006 | D        | Noticed a red draconian scorcher
  7021 | D        | Noticed a tentacled monstrosity
  7122 | D        | Noticed a storm dragon
  7122 | D        | Noticed a storm dragon
  7122 | D        | Noticed a tentacled monstrosity
  7122 | D        | Noticed a tentacled monstrosity
  7123 | D        | Noticed a black draconian knight
  7129 | D        | Killed a storm dragon
  7134 | D        | Killed a black draconian knight
  7135 | D        | Killed a tentacled monstrosity
  7136 | D        | Killed a storm dragon
  7384 | D        | Noticed a death cob
  7384 | D        | Noticed a black draconian knight
  7384 | D        | Noticed a storm dragon
  7384 | D        | Noticed a red draconian scorcher
  7386 | D        | Noticed a red draconian scorcher
  7387 | D        | Killed a red draconian scorcher
  7387 | D        | Killed a red draconian scorcher
  7388 | D        | Killed a storm dragon
  7502 | D        | Noticed an Orb Guardian
  7502 | D        | Noticed an Orb Guardian
  7502 | D        | Noticed an Orb Guardian
  7502 | D        | Noticed an Orb Guardian
  7502 | D        | Noticed an Orb Guardian
  7502 | D        | Noticed an Orb Guardian
  7502 | D        | Killed an Orb Guardian
  7503 | D        | Reached skill level 27 in Armour
  7503 | D        | Noticed an Orb Guardian
  7504 | D        | Noticed an Orb Guardian
  7505 | D        | Noticed an Orb Guardian
  7506 | D        | Killed an Orb Guardian
  7507 | D        | Killed an Orb Guardian
  7511 | D        | Killed a death cob
  7515 | D        | Killed an Orb Guardian
  7516 | D        | Killed an Orb Guardian
  7518 | D        | Reached skill level 15 in Shields
  7518 | D        | Killed an Orb Guardian
  7564 | D        | Noticed an Orb Guardian
  7564 | D        | Noticed an Orb Guardian
  7564 | D        | Noticed a golden dragon
  7565 | D        | Noticed an Orb Guardian
  7567 | D        | Noticed an Orb Guardian
  7569 | D        | Killed a golden dragon
  7574 | D        | Killed an Orb Guardian
  7582 | D        | Killed an Orb Guardian
  7583 | D        | Reached skill level 10 in Stealth
  7712 | D        | Noticed an ancient lich
  7712 | D        | Noticed an orb of fire
  7717 | D        | Noticed an electric golem
  7721 | D        | Killed an electric golem
  8009 | D        | Noticed a golden dragon
  8009 | D        | Noticed a golden dragon
  8009 | D        | Noticed an orb of fire
  8009 | D        | Noticed an ancient lich
  8009 | D        | Noticed a golden dragon
  8013 | D        | Killed an ancient lich
  8018 | D        | Killed a golden dragon
  8018 | D        | Killed a golden dragon
  8020 | D        | Killed a golden dragon
  8026 | D        | Killed a tentacled monstrosity
  8027 | D        | Killed an Orb Guardian
  8029 | D        | Killed a shadow dragon
  8033 | D        | Noticed an orb of fire
  8033 | D        | Killed an Orb Guardian
  8034 | D        | Killed an ancient lich
  8034 | D        | Killed a death cob
  8051 | D        | Killed an ancient lich
  8083 | D        | Killed a shadow dragon
  8290 | D        | Killed from afar by an orb of fire

Illustrated notes

Levels and vault maps discovered:
D:        linesprint [early_d, line_temple, items_1, d_10, items_2, lair_1,
          lair_end, items_3, orc_1, orc_end, items_4, d_15, swamp_1, shoals_1,
          snake_1, spider_1, d_20, vaults_1, items_5, swamp_end, shoals_end,
          snake_end, spider_end, vaults_end, d_27, items_6, zot_1, zot_end,
          crypt_end, forest_end, elf_end, slime_end, tomb_end, abyss_end,
          pan_hell_end]

Skill      XL: |  1  2  3  4  5  6  7  8  9 10 11 12 13 14 15 |
---------------+----------------------------------------------+-----
Fighting       | 6 7 10 11 13 14 16 18 21 23 26 27 | 27.0
Maces & Flails | 5 7 10 13 14 16 18 21 23 26 27 | 27.0
Dodging        | 3 4 6 8 9 10 12 13 15 17 18 | 18.2
Armour         | 5 6 7 8 9 10 12 13 15 17 19 25 27 | 27.0
Stealth        | 6 13 | 13.8
Shields        | 10 20 | 20.6

Action                     |  1- 3 |  4- 6 |  7- 9 | 10-12 | 13-15 || total
---------------------------+-------+-------+-------+-------+-------++-------
  Melee: Flail             |    33 |     6 |       |       |       ||    39
         Headbutt          |     3 |     2 |    17 |    57 |    64 ||   143
         Dire flail        |       |    10 |    68 |   229 |   168 ||   475
         Great mace        |       |       |       |       |    66 ||    66
 Invoke: Call Merchant     |       |       |     1 |     3 |       ||     4
         Bribe Branch      |       |       |       |     2 |     4 ||     6
         Potion Petition   |       |       |       |       |     2 ||     2
  Evoke: Wand              |       |       |       |       |     2 ||     2
    Use: Potion            |       |       |     6 |     3 |     6 ||    15
         Scroll            |       |       |     2 |    14 |    14 ||    30
   Stab: Distracted        |       |       |       |     2 |     8 ||    10
 Armour: Scale mail        |    11 |     2 |       |       |       ||    13
         Chain mail        |       |     1 |    23 |       |       ||    24
         Plate armour      |       |       |    13 |    86 |   188 ||   287
         Crystal plate arm |       |       |       |       |    38 ||    38
  Dodge: Dodged            |     8 |     6 |    34 |   101 |   190 ||   339
  Block: Buckler           |    11 |     2 |       |       |       ||    13
         Other             |       |       |       |    18 |    36 ||    54

Table legend: (Time is in decaauts)
 A = Elapsed time spent in this place.
 B = Non-inter-level travel time spent in this place.
 C = Inter-level travel time spent in this place.
 D = Time resting spent in this place.
 E = Time spent auto-exploring this place.
 F = Levels seen in this place.
 G = Mean time per level.
                   A        B        C        D        E       F      G
               +--------+--------+--------+--------+--------+-----+--------+
         Total |   8110 |   7906 |    204 |   3654 |   1875 |   1 | 8110.0 |
       Dungeon |   8110 |   7906 |    204 |   3654 |   1875 |   1 | 8110.0 |
               +--------+--------+--------+--------+--------+-----+--------+

Top non-repeatable levels by time:
       D: 8110 daAuts
